 Dungeon Crawl Stone Soup version 0.30.1-11-g7821555f0a (webtiles) character file.

Game seed: 9449855569175761786

69 sizableburger the Slasher (level 4, -1/29 HPs)
             Began as a Tengu Cinder Acolyte on Nov 23, 2023.
             Was a High Priest of Ignis.
             Killed from afar by Natasha (10 damage)
             ... with a magic dart
             ... on level 2 of the Dungeon.
             The game lasted 00:03:53 (1403 turns).

sizableburger the Slasher (Tengu Cinder Acolyte)    Turns: 1403, Time: 00:03:54

Health: -1/29      AC:  2    Str: 14    XL:     4   Next: 20%
Magic:  2/6        EV: 12    Int: 14    God:    Ignis [*****.]
Gold:   64         SH:  0    Dex: 12    Spells: 3/5 levels left

rFire   + . .        a - -1 falchion (flame)
rCold   . . .        (no shield)
rNeg    . . .        b - +0 robe
rPois   .            (helmet restricted)
rElec   .            (no cloak)
rCorr   .            (no gloves)
SInv    .            (boots unavailable)
Will    .....        (no amulet)
Stlth   +            (no ring)
HPRegen 0.24/turn    (no ring)
MPRegen 0.10/turn

%: no passive effects
@: very slightly contaminated
A: beak, talons 3
a: Renounce Religion, Fiery Armour, Foxfire Swarm, Rising Flame


You were on level 2 of the Dungeon.
You worshipped Ignis.
Ignis was extremely pleased with you.
You visited 1 branch of the dungeon, and saw 2 of its levels.

You collected 64 gold pieces.

Inventory:

Hand Weapons
 a - a -1 falchion of flaming (weapon)
Armour
 b - a +0 robe (worn)
Scrolls
 d - a scroll of teleportation {unknown}
Potions
 c - a potion of heal wounds
 e - a potion of curing {unknown}


   Skills:
 + Level 3.7 Fighting
 + Level 4.0 Long Blades
 + Level 1.8 Dodging
 - Level 1.1 Spellcasting
 - Level 3.4 Fire Magic


You had 3 spell levels left.
You knew the following spells:

 Your Spells              Type           Power      Damage    Failure   Level
a - Scorch                Fire           20%        2d6       10%         2

Your spell library contained the following spells:

 Spells                   Type           Power      Damage    Failure   Level
 Freeze                   Ice            0%         1d3       26%         1
 Kiss of Death            Conj/Necr      0%         2d5       26%         1
 Cigotuvi's Dreadful Rot  Necr/Pois/Air  0%         N/A       36%         2
 Ignite Poison            Fire/Tmut/Pois 3%         N/A       43%         3
 Confusing Touch          Hex            0%         N/A       61%         3
 Frozen Ramparts          Ice            0%         1d1       61%         3
 Hailstorm                Conj/Ice       0%         3d3       61%         3
 Dispel Undead            Necr           0%         3d6       95%         4
 Freezing Cloud           Conj/Ice/Air   0%         6-21      100%        5


Dungeon Overview and Level Annotations

Branches:
Dungeon (2/15)

Altars:

Annotations:
D:2 Natasha


Innate Abilities, Weirdness & Mutations

You have a beak for a mouth.
You have claws for feet.


Message History

Unknown command.
Magic restored.
You now have 51 gold pieces (gained 16).
Found a stone staircase leading down.
You now have 64 gold pieces (gained 13).
A hobgoblin comes into view.
The hobgoblin shouts!
You hear a shout!
You hear an angry hiss.
You hear a shout!
Natasha, Servant of Life and Death comes into view.
You hear a shout!
Nothing quivered!
Casting: Scorch (safe; 10% risk of failure)
Confirm with . or Enter, or press ? or * to list all spells.
You miscast Scorch.
You are very lightly contaminated with residual magic.
Nothing appears to happen.
Natasha casts a spell.
Unknown command.
The cerulean imp hits you with a +2 spear.
The hobgoblin attacks as you move away! The hobgoblin hits you.
The cerulean imp hits you from afar with a +2 spear.
You hit the hobgoblin. You burn the hobgoblin. Your kick misses the hobgoblin.
The hobgoblin is moderately wounded.
The hobgoblin hits you. The cerulean imp closely misses you.
You slash the hobgoblin! You burn the hobgoblin.
You kill the hobgoblin!
Natasha claws you but does no damage.
The cerulean imp hits you from afar with a +2 spear.
Casting: Scorch (safe; 10% risk of failure)
Confirm with . or Enter, or press ? or * to list all spells.
Flames lash Natasha.
Natasha is lightly wounded.
Natasha's fire resistance burns away.
A kobold comes into view. It is wielding a +0 short sword.
The cerulean imp hits you from afar with a +2 spear.
Natasha howls an incantation.
You feel disoriented.
Natasha stares at you and mumbles some strange words.
The magic dart hits you!
You die...

....#########.............####
..............................
....############.......#####
....# #.#.[.#.### ....#
#...#.#.††### ....#
#...#..##†<.# #####
#.#.##.####.# #.#.##.# ##
#@#.##.. ##h#.######
#.5K.h....# #..###'###.. #.#
.. ... ..# #... .'. #.. #. #..


You could see Natasha (combustible), a cerulean imp (summoned) and a kobold.

Vanquished Creatures
  Natasha (D:2)
  An adder (D:2)
  8 ball pythons
  6 bats
  2 endoplasms (D:1)
  A giant cockroach (D:1)
  4 hobgoblins
  3 kobolds (D:1)
  A quokka (D:1)
  3 frilled lizards (D:2)
  2 goblins (D:1)
  3 rats (D:1)
35 creatures vanquished.

Notes
Turn   | Place    | Note
-------+----------+-------------------------------------------
     0 | D:1      | sizableburger the Tengu Cinder Acolyte began the quest for
                  | the Orb.
     0 | D:1      | Reached XP level 1. HP: 14/14 MP: 3/3
   173 | D:1      | Reached XP level 2. HP: 15/19 MP: 4/4
   191 | D:1      | Learned a level 2 spell: Scorch
   732 | D:1      | Reached skill level 1 in Dodging
   732 | D:1      | Reached XP level 3. HP: 22/23 MP: 5/5
  1223 | D:2      | Noticed Natasha
  1233 | D:2      | Killed Natasha
  1235 | D:2      | Reached skill level 4 in Long Blades
  1240 | D:2      | Reached XP level 4. HP: 18/29 MP: 1/6
  1397 | D:2      | Noticed Natasha
  1403 | D:2      | Killed from afar by Natasha

Illustrated notes

Levels and vault maps discovered:
D:1:      tarquinn_simple_flora_water_f, layout_basic, serial_corexii_hall,
          chequers_hall_statues_y, corexii_hall_statues_t,
          minmay_shallow_snake_nest
D:2:      layout_rooms, shapermc_ecumenical_altar_petra, serial_shops,
          nicolae_shop_tiny_real_fake_doors, ebering_dispersal_statue_hall,
          minmay_box_of_dots, uniq_natasha

Skill      XL: |  1  2  3 |
---------------+----------+-----
Dodging        | 1 |  1.8
Long Blades    | 4 |  4.0
Fighting       | |  3.7
Spellcasting   | |  1.1
Fire Magic     | |  3.4

Action                     |  1- 3 |  4- 6 || total
---------------------------+-------+-------++-------
  Melee: Falchion          |    56 |     6 ||    62
         Kick              |    12 |       ||    12
         Peck              |     8 |     2 ||    10
   Cast: Scorch            |    14 |     2 ||    16
    Use: Scroll            |     1 |       ||     1
   Stab: Sleeping          |       |     1 ||     1
 Armour: Robe              |    13 |     3 ||    16
  Dodge: Dodged            |    47 |     2 ||    49
